 Dungeon Crawl Stone Soup version 0.31.0-9-g3a7656b989 (webtiles) character file.

Game seed: 8760241461287969053

42 qw the Shooter (level 3, -2/18 HPs)
             Began as a Spriggan Hunter on Feb 2, 2024.
             Slain by a goblin
             ... wielding a +0 dagger
             ... led by Robin
              (6 damage)
             ... on level 3 of the Dungeon.
             The game lasted 00:00:02 (1023 turns).

qw the Shooter (Spriggan Hunter)                    Turns: 1023, Time: 00:00:03

Health: -2/18      AC:  2    Str:  7    XL:     3   Next: 33%
Magic:  4/4        EV: 19    Int: 10    God:
Gold:   116        SH:  0    Dex: 20    Spells: 2/2 levels left

rFire   . . .        a - +0 shortbow
rCold   . . .        (shield currently unavailable)
rNeg    . . .        c - +0 robe
rPois   .            (helmet restricted)
rElec   .            (no cloak)
rCorr   .            (gloves unavailable)
SInv    +            (boots unavailable)
Will    .....        (no amulet)
Stlth   ++           (no ring)
HPRegen 0.23/turn    (no ring)
MPRegen 0.09/turn

%: no passive effects
@: very quick
A: very small, no large weapons, unfitting armour, see invisible, speed 3
a: no special abilities


You were on level 3 of the Dungeon.
You visited 1 branch of the dungeon, and saw 3 of its levels.

You collected 116 gold pieces.


Innate Abilities, Weirdness & Mutations

You are very small and have problems with some larger weapons.
You are too small for most types of armour.
You have supernaturally acute eyesight. (SInv)
You cover ground extremely quickly. (Speed+++)


   Skills:
 - Level 1.5 Fighting
 + Level 4.6 Ranged Weapons
 - Level 4.0 Dodging
 - Level 1.5 Stealth


You had 2 spell levels left.
You didn't know any spells.
Your spell library was empty.

Inventory:

Hand Weapons
 a - a +0 shortbow (weapon)
Armour
 c - a +0 robe (worn)
Jewellery
 b - the amulet of Odiorrora {RegenMP Dex+2}
   (You found it on level 3 of the Dungeon)

   [amulet of magic regeneration]

   RegenMP:   It increases your rate of magic regeneration.
   Dex+2:     It affects your dexterity (+2).
Wands
 g - a wand of light (5)
Potions
 d - a potion of degeneration {unknown}
 e - a potion of curing {unknown}
 f - a potion of lignification {unknown}
 h - a potion of might {unknown}

Dungeon Overview and Level Annotations

Branches:
Dungeon (2/15)

Altars:

Annotations:
D:3 Robin


Message History

The goblins go into a battle-frenzy!
You hear a shout!
You shoot an arrow. The arrow hits the goblin.
The goblin is severely wounded.
The goblin hits you with a +0 club.
You shoot an arrow. The arrow closely misses the goblin.
Robin throws the goblin at you! The goblin barely misses you.
A goblin comes into view. It is wielding a +0 dagger.
The goblin hits you but does no damage.
Robin roars a battlecry!
The goblin completely misses you. The goblin hits you with a +0 club.
You shoot an arrow. The arrow hits the goblin!
You kill the goblin!
A hobgoblin comes into view.
The goblin hits you with a +0 club.
You shoot an arrow. The arrow misses the goblin.
The goblin misses you.
A goblin comes into view. It is wielding a +0 dagger.
The goblin barely misses you.
You shoot an arrow. The arrow closely misses the goblin.
The goblin shouts!
A goblin comes into view. It is wielding a +0 dagger.
The goblin misses you.
You shoot an arrow. The goblin shouts!
The arrow hits the goblin.
You kill the goblin!
You hear a shout!
The goblin completely misses you. The goblin closely misses you.
A goblin comes into view. It is wielding a +0 club.
You shoot an arrow. The arrow misses the goblin.
The goblin closely misses you. The goblin barely misses you.
You shoot an arrow.
The arrow hits the goblin but does no damage.
The goblin barely misses you. x2; The goblin hits you with a +0 club.
The goblin hits you with a +0 dagger.
You shoot an arrow. The arrow hits the goblin.
The goblin is severely wounded.
The goblin hits you with a +0 dagger.
You die...

#######
###########)..%...
#.........@g#
#.#########g#
#..........g#
#######.#########g#
..)............ gg
.....>......### ).
#######.##### ..#
#.# .)# #.#


You could see 6 goblins.

Vanquished Creatures
  An adder (D:2)
  A dart slug (D:1)
  2 bats
  4 endoplasms
  5 goblins
  5 hobgoblins (D:1)
  A kobold (D:1)
  A quokka (D:1)
  4 ball pythons
  A frilled lizard (D:1)
  2 rats (D:1)
27 creatures vanquished.

Notes
Turn   | Place    | Note
-------+----------+-------------------------------------------
     0 | D:1      | qw the Spriggan Hunter began the quest for the Orb.
     0 | D:1      | Reached XP level 1. HP: 10/10 MP: 2/2
     0 | D:1      | 0 ||| qw: Version: 0.3-a-155-g5e7d8dd
     0 | D:1      | 0 ||| qw: Game counter: 273
     0 | D:1      | 0 ||| qw: Melee chars always use a shield: true
     0 | D:1      | 0 ||| qw: God list: Okawaru
     0 | D:1      | 0 ||| qw: Allow faded altars: false
     0 | D:1      | 0 ||| qw: Do Orc after clearing Dungeon:15 true
     0 | D:1      | 0 ||| qw: Do second Lair branch before Depths: true
     0 | D:1      | 0 ||| qw: Lair rune preference: random
     0 | D:1      | 0 ||| qw: Goals: Normal
     0 | D:1      | 0 ||| PLANNING D:1-11
    16 | D:1      | Reached skill level 3 in Dodging
    95 | D:1      | Reached XP level 2. HP: 14/14 MP: 3/3
   740 | D:1      | 740 ||| READING scroll labelled GITHICA USUACS.
   741 | D:1      | 741 ||| READING scroll labelled LATOBB PEIMER.
   842 | D:1      | 842 ||| DROPPING scroll of butterflies.
   858 | D:2      | HP: 3/14 [poisoned by an adder]
   859 | D:2      | Reached XP level 3. HP: 4/18 MP: 4/4
   959 | D:2      | You fall into a shaft and drop 1 floor!
   960 | D:3      | Identified the amulet of Odiorrora {RegenMP Dex+2}
   962 | D:3      | 962 ||| PLANNING SEWER
  1013 | D:3      | Noticed Robin
  1017 | D:3      | HP: 4/18 [goblin/+0 club[Robin] (3)]
  1022 | D:3      | HP: 4/18 [goblin/+0 dagger[Robin] (1)]
  1023 | D:3      | Slain by a goblin

Levels and vault maps discovered:
D:1:      spicycebolla_green_bress_n_ham_2, layout_loops_ring
D:2:      layout_basic, uniq_terence
D:3:      cheibrodos_helix_gallery, layout_loops_ring, gup_sewer_entry_glass,
          shapermc_ecumenical_altar_totnotflames, dk_noncrumbling_4, uniq_robin,
          uniq_grinder

Skill      XL: |  1  2 |
---------------+-------+-----
Dodging        | 3 4 |  4.0
Fighting       | |  1.5
Ranged Weapons | |  4.6
Stealth        | |  1.5

Action                     || total
---------------------------++-------
   Fire: Shortbow          ||    59
    Use: Scroll            ||     2
 Armour: Robe              ||    12
  Dodge: Dodged            ||    20

Table legend:
 A = Non-vault XP
 B = Vault XP
 C = Vault XP percentage of total XP
 D = Non-vault monster count
 E = Vault monster count
 F = Vault count percentage of total count
                 A         B        C        D         E       F
            +---------+---------+-------+---------+---------+-------
      Total |      54 |       6 |  10.0 |      24 |       3 |  11.1
            +---------+---------+-------+---------+---------+-------
        D:1 |      36 |       0 |   0.0 |      20 |       0 |   0.0
        D:2 |      13 |       0 |   0.0 |       1 |       0 |   0.0
        D:3 |       5 |       6 |  54.5 |       3 |       3 |  50.0
            +---------+---------+-------+---------+---------+-------
